[Event "*** SCC Grand Prix: Titled Tuesday Blitz"]
[Site "Chess.com"]
[Date "2020.07.07"]
[Round "4"]
[White "ShimanovAlex"]
[Black "QuintilianoR"]
[Result "1/2-1/2"]
[WhiteElo "2873"]
[BlackElo "2662"]
[TimeControl "180+1"]
[EndTime "10:41:25 PDT"]
[Termination "Game drawn by repetition"]

1. d4 Nf6 2. Nf3 e6 3. Bf4 d5 4.
e3 c5 5. Nbd2 Nc6 6. c3 Be7 7.
h3 O-O 8. Bd3 b6 9. Qe2 Bb7 10.
Rd1 h6 11. O-O Bd6 12. Rfe1 Re8 13. Ne5 Qc7 14. Ndf3 Ne7 15. Bb5 Red8 16. Nd3 Ne4 17. Bxd6 Nxd6 18. Ba4 Ba6 19. Bc2 Ng6 20. Qd2 Ne4 21.
Qc1 Bxd3 22. Bxd3 e5 23. dxc5 Nxc5 24. Bxg6 fxg6 25. Qc2 e4 26. Nd4 Nd3 27. Rxd3 exd3 28. Qxd3 Qf7 29. h4 Rac8 30. Rd1 Re8 31. Nf3 Rcd8 32.
a3 Re4 33. Rd2 Qf6 34. Qb5 Qd6 35. Kf1 Qc5 36. Qa6 Qc4+ 37. Qxc4 Rxc4 38. g3 Rcc8 39. Ne5 Rd6 40. Rd4 Re8 41. Nf3 Rf6 42. Ne1 Rxe3 43. Rxd5 Ree6 44. Rd8+ Rf8 45. Rd7 Rf7 46. Rd8+ Kh7 47. Nd3 g5 48. hxg5 hxg5 49. Rd5 Kh6 50. Rd4 Rfe7 51. a4 Re4 52. Rd5 R4e6 53. a5 bxa5 54. Rxa5 Rd7 55. Nc5 Rd1+ 56. Kg2 Re2 57. Ra6+ g6 58. Rxa7 g4 59. Rd7 Rxd7 60. Nxd7 Rxb2 61.
Ne5 Kg5 62. Nf7+ Kf6 63. Nh6 Kg5 64. Nf7+ Kh5 65. Nd6 Rc2 66. Ne4 g5 67. Nf6+ Kg6 68.
Nxg4 Rxc3 69. Ne3 Rb3 70. Kf3 Kf6 71. Ke4 Rb2 72. Ng4+ Kg6 73. Kf3 Rb3+ 74. Ne3 Rb2 75. Ng4 Rb3+ 76. Ne3 1/2-1/2

[Event "*** SCC Grand Prix: Titled Tuesday Blitz"]
[Site "Chess.com"]
[Date "2020.07.07"]
[Round "4"]
[White "NarminSoyunlu"]
[Black "Sacbutt"]
[Result "0-1"]
[WhiteElo "2073"]
[BlackElo "2301"]
[TimeControl "180+1"]
[EndTime "10:41:26 PDT"]
[Termination "Sacbutt won on time"]

1. g3 Nf6 2. Bg2 d5 3. c4 e6 4. Nf3 Be7 5. O-O O-O 6. d4 dxc4 7. Ne5 Nc6 8. Bxc6 bxc6 9. Nxc6 Qd6 10. Nxe7+ Qxe7 11.
Qa4 Qd6 12. Qxc4 Ba6 13. Qc2 Qxd4 14. Nc3 Rab8 15. Be3 Qb4 16. Rab1 Rb7 17. Rfd1 c5 18. Na4 Rc7 19. a3 Qc4 20. Qxc4 Bxc4 21. Bxc5 Bxe2 22.
Bxf8 Bxd1 23. Rxd1 Kxf8 24. Nc3 Ke7 25. Kg2 Rb7 26.
Rd2 h6 27. b4 Rc7 28. Rd3 g6 29. a4 Nd7 30. Ne4 Ne5 31. Rc3 Rxc3 32. Nxc3 Kd6 33. f4 Nd3 34. b5 Kc5 35. Kf3 Kb4 36. Ne4 Kxa4 37. Nd6 f6 38. Ke3 Nc5 39. Kd4 Nd7 40.
Kc4 Ka5 41. Ne8 Kb6 42. Ng7 e5 43. fxe5 Nxe5+ 44. Kd5 Kxb5 45. Ke6 Ng4 46. h3 Nf2 47.
h4 Ne4 48. Ne8 Nxg3 49. Kxf6 g5 50. hxg5 hxg5 51. Kxg5 a5 52. Nd6+ Kc6 53. Nc4 a4 54.
Na3 Kc5 55. Kf4 Ne2+ 56. Ke3 Nc3 57. Kd3 Kb4 58. Nc2+ Kb3 59. Nd4+ Kb2 60. Kc4 a3 61. Nb3 a2 62. Kb4 Nb1 63. Kc4 Nd2+ 64. Kb4 Nxb3 0-1

[Event "*** SCC Grand Prix: Titled Tuesday Blitz"]
[Site "Chess.com"]
[Date "2020.07.07"]
[Round "4"]
[White "LuckIsMySkill"]
[Black "alexsergeyev"]
[Result "1-0"]
[WhiteElo "2687"]
[BlackElo "2357"]
[TimeControl "180+1"]
[EndTime "10:41:27 PDT"]
[Termination "LuckIsMySkill won on time"]

1. Nf3 d5 2. g3 Bg4 3. Bg2 Nd7 4. O-O e6 5. c4 c6 6. d4 Bd6 7. Bf4 Bxf4 8. gxf4 Ngf6 9. e3 O-O 10. Nbd2 Ne4 11.
cxd5 exd5 12. Qb3 Nxd2 13. Nxd2 Qb6 14. Qa3 Rfe8 15. Kh1 a5 16. Nb1 Bf5 17. Nc3 Qb4 18. Qb3 Nb6 19. Bf3 Nc4 20. Be2 Nxb2 21. Rfc1 Nc4 22.
Na4 b5 23. Nc5 Qd2 24. Re1 a4 25. Qd1 Qxd1 26. Raxd1 f6 27. Bd3 Bxd3 28. Nxd3 Kf7 29. Nb4 Rac8 30. Kg2 g5 31. fxg5 fxg5 32. Kf3 Kg6 33.
Ke2 Re6 34. Rg1 Rf8 35. h4 h6 36. hxg5 hxg5 37. Rg2 Rf5 38. Nd3 Re4 39. Rh1 a3 40. Rh8 Re7 41. Rg8+ Rg7 42. Rc8 Rf6 43. Nb4 Na5 44.
Rh2 g4 45. Rg2 Kf5 46. Nd3 Nc4 47. Nf4 g3 48. Nh5 Rh7 49. Nxg3+ Ke6 50. Rxc6+ Nd6 51.
Rg1 Rh2 52. Rf1 Kd7 53. Ra6 Ne4 54. Nxe4 Rxa6 55. Nc5+ Kc6 56. Nxa6 Kb6 57. Nb4 Ka5 58. Nxd5 b4 59. Kd3 b3 60. axb3 a2 61. Ra1 1-0

[Event "*** SCC Grand Prix: Titled Tuesday Blitz"]
[Site "Chess.com"]
[Date "2020.07.07"]
[Round "4"]
[White "dpopadic"]
[Black "BabyBoss31"]
[Result "1/2-1/2"]
[WhiteElo "2406"]
[BlackElo "2217"]
[TimeControl "180+1"]
[EndTime "10:41:27 PDT"]
[Termination "Game drawn by agreement"]

1. e4 e6 2. Nf3 d5 3. e5 c5 4. b4 cxb4 5. d4 Nc6 6. a3 bxa3 7. c3 Bd7 8. Bd3 Nge7 9. Bxa3 Ng6 10. Bc1 Be7 11. O-O O-O 12. Re1 a6 13. Nbd2 b5 14. Nf1 b4 15. Bd2 a5 16. Ne3 a4 17.
cxb4 Nxb4 18. Bxg6 hxg6 19. Bc3 Qc7 20. Qd2 Rfb8 21. Rec1 Qa7 22. h3 a3 23. Rcb1 Qa4 24. Kh2 Nc6 25. Rc1 Rb3 26. Ra2 Rab8 27. Qc2 Nb4 28.
Bxb4 Qxb4 29. Nd1 Ba4 30. Qc7 Rb7 31. Qc8+ Kh7 32. Rca1 Rb8 33. Qc1 Rb2 34. Nxb2 axb2 35.
Rxb2 Qxb2 36. Qxb2 Rxb2 37. Rxa4 f6 38. Ra7 Bd8 39.
Rd7 Rb8 40. g4 fxe5 41. Nxe5 Bf6 42. Rd6 Rb4 43. Nc6 Rc4 44. Rxe6 Bxd4 45. Nxd4 Rxd4 46. Rd6 Rd2 47. Kg3 Rd3+ 48. f3 d4 49. h4 Rd1 50. h5 gxh5 51. gxh5 d3 52. Kg4 d2 53.
Kf4 Kh8 54. h6 gxh6 55. Rxh6+ Kg7 56. Rd6 Kf7 57. Rd3 Kf6 58. Ke3 Re1+ 59. Kxd2 Re8 60.
Rd4 Kf5 61. Kd3 Re7 62. Rb4 Re8 63. Rb5+ Kf4 64. Rb4+ Kxf3 65. Rb3 Rd8+ 66. Kc4+ Ke4 67. Kc3 Rc8+ 68. Kb2 Kd4 69. Rb4+ Kc5 70. Rb3 Kd5 71. Rd3+ Ke4 72. Rc3 Rb8+ 73. Kc2 Kd4 74. Rc7 Rb6 1/2-1/2

[Event "*** SCC Grand Prix: Titled Tuesday Blitz"]
[Site "Chess.com"]
[Date "2020.07.07"]
[Round "4"]
[White "GothamChess"]
[Black "Ze-Pequeno"]
[Result "1-0"]
[WhiteElo "2578"]
[BlackElo "2243"]
[TimeControl "180+1"]
[EndTime "10:41:28 PDT"]
[Termination "GothamChess won by checkmate"]

1. e4 c5 2. a3 Nf6 3. e5 Nd5 4.
c4 Nb6 5. b4 d6 6. exd6 exd6 7.
Bb2 Nc6 8. Nf3 Bg4 9. Qb3 Qe7+ 10. Be2 O-O-O 11. h3 Bh5 12. g4 Bg6 13. Qe3 Qd7 14. Nc3 Re8 15. Qf4 h5 16. g5 cxb4 17. axb4 Nxb4 18.
Kf1 a6 19. Kg2 Nc6 20. d4 Qf5 21. Qxf5+ Bxf5 22. Rhe1 Be7 23. d5 Ne5 24. Nd4 Bd7 25.
Rac1 Kb8 26. Ne4 Ng6 27. Kh2 Nf4 28. Bf1 h4 29. Rb1 Ka7 30. Nf3 Na4 31. Bd4+ Ka8 32. Ra1 Nc5 33. Nxc5 dxc5 34. Bxg7 Rhg8 35. Be5 Bxg5 36.
Nxg5 Ng6 37. Bd6 Rxe1 38. Rxe1 f6 39. Ne6 Bxe6 40. dxe6 Re8 41. Bd3 Ne5 42. Bxe5 Rxe6 43.
Bc3 Rd6 44. Re8+ Ka7 45. Re3 f5 46. Be5 Rb6 47. Bxf5 Rb4 48. Be6 a5 49. Bd6 b6 50.
Bd5 a4 51. Re7+ Ka6 52. Bb7+ Ka5 53. Bd5 Rb2 54. Kg2 a3 55. Be5 Rc2 56. Ra7+ Kb4 57.
Kf3 a2 58. Ke3 Kb3 59. f4 Rh2 60. f5 Rxh3+ 61. Kf2 Rh2+ 62. Bxh2 h3 63. f6 b5 64. f7 bxc4 65. f8=Q a1=Q 66. Qb8+ Kc2 67. Rxa1 c3 68. Be4+ Kd2 69. Qf4# 1-0

[Event "*** SCC Grand Prix: Titled Tuesday Blitz"]
[Site "Chess.com"]
[Date "2020.07.07"]
[Round "4"]
[White "Skatchkov_V"]
[Black "Tashik"]
[Result "1/2-1/2"]
[WhiteElo "2540"]
[BlackElo "2373"]
[TimeControl "180+1"]
[EndTime "10:41:28 PDT"]
[Termination "Game drawn by repetition"]

1. c4 Nf6 2. Nf3 c5 3. Nc3 e6 4. e3 d5 5. cxd5 exd5 6. d4 Nc6 7. Be2 Bd6 8. O-O O-O 9. dxc5 Bxc5 10. a3 a6 11. b4 Ba7 12. Bb2 Re8 13. Qc2 Bg4 14.
Rad1 Rc8 15. Qb3 d4 16. exd4 Bxf3 17. Bxf3 Nxd4 18. Rxd4 Qxd4 19. Ne4 Qb6 20. Nc5 Rxc5 21. Bd4 Rc3 22. Bxc3 h5 23. h3 Ne4 24. Bxe4 Rxe4 25. Bd2 Qe6 26. Qf3 h4 27. Bg5 Qg6 28. Qd3 Bxf2+ 29. Kh1 Re1 30. Qd8+ Kh7 31. Rxe1 Bxe1 32.
Bxh4 Bc3 33. Qd5 Bf6 34. Bxf6 Qxf6 35. Qe4+ g6 36. Qxb7 Qf1+ 37. Kh2 Qf4+ 38. g3 Qd2+ 39. Qg2 Qc3 40. Qa2 Kg7 41. h4 Qe3 42. a4 Qe5 43. Qc2 f5 44. Qd2 Qe4 45. b5 Qxa4 46. b6 Qb5 47. Qc3+ Kh7 48. Qc7+ Kh6 49. Qf4+ Kh7 50. Qc7+ Kh6 51. h5 Qe2+ 52. Kh3 Qxh5+ 53. Kg2 Qe2+ 54. Kh3 Qh5+ 55. Kg2 Qe2+ 56. Kh1 Qf1+ 57. Kh2 Qe2+ 58. Kh3 Qh5+ 1/2-1/2

[Event "*** SCC Grand Prix: Titled Tuesday Blitz"]
[Site "Chess.com"]
[Date "2020.07.07"]
[Round "4"]
[White "viktorskliarov"]
[Black "GM4life"]
[Result "0-1"]
[WhiteElo "2513"]
[BlackElo "2362"]
[TimeControl "180+1"]
[EndTime "10:41:28 PDT"]
[Termination "GM4life won on time"]

1. e4 c5 2. Nf3 d6 3. d4 cxd4 4. Qxd4 Nc6 5. Bb5 Bd7 6. Bxc6 Bxc6 7. Nc3 e5 8. Qd3 h6 9. O-O Nf6 10. b4 a6 11. a4 Be7 12. Ba3 b5 13. a5 O-O 14. Rad1 Qc7 15. Nh4 Rfd8 16. Nf5 Bf8 17. Ne3 Qb7 18. f3 Rd7 19. Rf2 Rad8 20. Ned5 Bxd5 21.
Nxd5 Nxd5 22. Qxd5 Qxd5 23. Rxd5 Rc8 24. Bb2 Rdc7 25.
c3 Be7 26. Kf1 Rc6 27. Ke2 Kf8 28. Kd3 Bg5 29. g3 Ke7 30. h4 Bf6 31. Rc2 Ke6 32.
Bc1 Rc4 33. Be3 Be7 34. Bb6 f5 35. Be3 Rf8 36. Rf2 Rfc8 37. Bd2 fxe4+ 38. fxe4 Rxe4 39.
Kxe4 Rc4+ 40. Kd3 Kxd5 41. Rf7 Bf6 42. Bxh6 e4+ 43. Ke2 Rxc3 44. Bxg7 Bxg7 45. Rxg7 Rc4 46. h5 Rxb4 47. h6 Rb2+ 48. Ke3 Rh2 49. h7 b4 50. g4 b3 51. Rg5+ Kc4 52. Rh5 Rxh5 53. gxh5 b2 54. h8=Q b1=Q 55. Qc8+ Kd5 56. Qf5+ Kc4 57.
Qxe4+ Qxe4+ 58. Kxe4 d5+ 59. Ke5 d4 60. h6 d3 61. h7 d2 62. h8=Q d1=Q 63. Qc8+ Kb5 64. Qc7 Qe2+ 65. Kf6 Qf3+ 66. Kg7 Qg4+ 67. Kh8 Qh5+ 68.
Kg7 Qg5+ 69. Kh8 Qf6+ 70. Kg8 Qc6 71. Qd8 Ka4 72. Kh8 Qc4 73. Qb6 Qb5 74. Kg7 Qxa5 0-1

[Event "*** SCC Grand Prix: Titled Tuesday Blitz"]
[Site "Chess.com"]
[Date "2020.07.07"]
[Round "4"]
[White "Barmen_EV"]
[Black "MacDaddyMac"]
[Result "1-0"]
[WhiteElo "2464"]
[BlackElo "2306"]
[TimeControl "180+1"]
[EndTime "10:41:28 PDT"]
[Termination "Barmen_EV won by checkmate"]

1. d4 e6 2. c4 d5 3. Nc3 Nf6 4. cxd5 exd5 5. Bg5 Be7 6. e3 O-O 7. Bd3 h6 8. Bh4 c6 9. Qc2 Bg4 10. f3 Be6 11. Nge2 Nbd7 12. O-O Rc8 13. Rad1 Kh8 14. Bf2 Qb6 15. h3 Rfd8 16. e4 dxe4 17. fxe4 Qc7 18. Bg3 Qa5 19. Nf4 Nh5 20. Nxe6 fxe6 21. Bh2 Rf8 22.
e5 Qb6 23. Bg6 Rxf1+ 24. Kxf1 Rf8+ 25. Kg1 Nf4 26. Kh1 c5 27. Na4 Qa5 28. Nxc5 Nxc5 29. dxc5 Bxc5 30. a3 Qb6 31. Be4 Bd4 32. Qc4 Be3 33.
Bb1 Qc5 34. Qe4 Kg8 35. Rf1 Rf5 36. Qxb7 Qxe5 37. Bxf5 Qxf5 38. Qc8+ Kh7 39. Qc3 Qe4 40. Bxf4 Bxf4 41. Qf3 Qxf3 42. Rxf3 Be5 43. b4 Bb2 44. a4 e5 45. b5 Bd4 46. Rf7 Kg6 47. Rd7 Bb6 48. g4 e4 49. Kg2 e3 50. Kf3 Kf6 51.
a5 Bxa5 52. Rxa7 Bb4 53. Ra6+ Ke7 54. Kxe3 Bc5+ 55. Ke4 Kd8 56. Kf5 Kc7 57. Kg6 Bd4 58. Rc6+ Kb7 59. h4 Bb2 60. h5 Ba1 61. Re6 Bb2 62. Re7+ Kb6 63. Rxg7 Bxg7 64. Kxg7 Kxb5 65. Kxh6 Kc6 66. g5 Kd5 67. g6 Ke6 68. g7 Kf7 69. Kh7 Kf6 70. h6 Ke7 71. Kg8 Kf6 72. h7 Kg6 73.
h8=Q Kf6 74. Qh6+ Ke7 75. Kh7 Kf7 76. g8=Q+ Ke7 77. Qhe6# 1-0

[Event "*** SCC Grand Prix: Titled Tuesday Blitz"]
[Site "Chess.com"]
[Date "2020.07.07"]
[Round "4"]
[White "londonkid"]
[Black "EnergeticHay"]
[Result "0-1"]
[WhiteElo "2405"]
[BlackElo "2253"]
[TimeControl "180+1"]
[EndTime "10:41:28 PDT"]
[Termination "EnergeticHay won by checkmate"]

1. d4 Nf6 2. c4 g6 3. Nc3 Bg7 4. Nf3 d6 5. Bg5 O-O 6. e3 h6 7. Bh4 g5 8. Bg3 Nh5 9. Nd2 Nxg3 10. hxg3 Nd7 11. Bd3 Nf6 12. Qc2 c5 13. d5 e6 14.
e4 exd5 15. cxd5 Re8 16. O-O a6 17. a4 Ng4 18. Be2 Qe7 19. Bxg4 Bxg4 20. Rae1 Bd4 21. Nc4 b5 22. Ne3 Bd7 23. axb5 axb5 24. Nf5 Bxf5 25.
exf5 Qd7 26. g4 Bg7 27. Ne4 Ra2 28. f6 Bh8 29. Qe2 Qd8 30. Qf3 Rxb2 31. Qf5 Re5 32. Qf3 Rb4 33. Re3 Rd4 34. Rfe1 b4 35. Qh3 Bxf6 36.
Qxh6 Bg7 37. Qh5 Rdxd5 38. Ng3 b3 39. Rxe5 Rxe5 40. Rb1 c4 41. Nf5 Rxf5 42. gxf5 b2 43. Qe2 c3 44. Qc2 d5 45. Rd1 Qb6 46. f6 Bxf6 47.
Qf5 Bg7 48. Qc8+ Kh7 49. Qf5+ Qg6 50. Qh3+ Kg8 51. Qc8+ Bf8 52. Qxc3 b1=Q 53. Rxb1 Qxb1+ 54. Kh2 Qh7+ 55. Kg1 Qb1+ 56. Kh2 Qg6 57. Qd4 Qd6+ 58. Kg1 Bg7 59. Qg4 Qe5 60. Qc8+ Bf8 61. Qg4 Bd6 62.
Qc8+ Kg7 63. g3 Qe1+ 64. Kg2 Qe4+ 65. Kg1 Qe5 66. Qg4 d4 67. Qd1 Qe4 68. Qd2 Be7 69.
Kh2 Bf6 70. f3 Qe3 71. Qd1 d3 72. Kh3 Qe6+ 73. g4 Qe2 74. Qxe2 dxe2 75. f4 gxf4 76. g5 Bxg5 77. Kg2 e1=Q 78. Kh2 Qg3+ 79. Kh1 Qh3+ 80.
Kg1 f3 81. Kf2 Bh4+ 82. Kg1 f2# 0-1

[Event "*** SCC Grand Prix: Titled Tuesday Blitz"]
[Site "Chess.com"]
[Date "2020.07.07"]
[Round "4"]
[White "GadimbayliA"]
[Black "NewBornNow"]
[Result "1/2-1/2"]
[WhiteElo "2892"]
[BlackElo "2666"]
[TimeControl "180+1"]
[EndTime "10:41:29 PDT"]
[Termination "Game drawn - insufficient material"]

1. e4 d6 2. d4 Nf6 3. Nc3 e5 4. dxe5 dxe5 5. Qxd8+ Kxd8 6. Nf3 Bd6 7. Bg5 Nd7 8. O-O-O Ke8 9. Bd3 h6 10. Bh4 a6 11.
Rhe1 Kf8 12. Nd2 b5 13. a3 c6 14. f3 a5 15. Nf1 Bc5 16. Ne3 g6 17. Kb1 Kg7 18.
Bf2 Bb7 19. g4 Rad8 20. h4 h5 21. g5 Nh7 22. Rd2 Nhf8 23. Red1 Bd4 24. Ne2 Bb6 25.
c3 Nc5 26. Bc2 Rxd2 27. Rxd2 Nfe6 28. b4 axb4 29. axb4 Na4 30. Bxa4 bxa4 31. Nf5+ gxf5 32. Bxb6 fxe4 33. fxe4 c5 34. Ng3 cxb4 35. cxb4 Rc8 36. Rd7 Bc6 37. Ra7 Rb8 38. Ba5 Kg6 39. Kb2 Nc5 40.
Rc7 Nd3+ 41. Kc3 Bb5 42. Nf5 Nf2 43. Nd6 Bf1 44. Rc6 Kh7 45. Nxf7 Nxe4+ 46. Kb2 Bb5 47. Rc7 Kg6 48. Nxe5+ Kf5 49. Nf3 Nd6 50. Nd4+ Ke4 51. Nxb5 Nxb5 52. Rc4+ Kd3 53. Rc5 Nd4 54. g6 Rg8 55. Rg5 Nf3 56. Rg3 Ke4 57. b5 Nxh4 58. b6 Nxg6 59. Bb4 Kd5 60. b7 Rb8 61. Rxg6 Rxb7 62.
Ka3 Rh7 63. Rg3 h4 64. Rh3 Ke4 65. Be1 Kf5 66. Rxh4 Rxh4 67. Bxh4 Ke4 68. Kxa4 1/2-1/2

[Event "*** SCC Grand Prix: Titled Tuesday Blitz"]
[Site "Chess.com"]
[Date "2020.07.07"]
[Round "4"]
[White "Andrei_Belozerov"]
[Black "ArjunErigaisi2003"]
[Result "0-1"]
[WhiteElo "2572"]
[BlackElo "3014"]
[TimeControl "180+1"]
[EndTime "10:41:29 PDT"]
[Termination "ArjunErigaisi2003 won by checkmate"]

1. e4 e5 2. Nf3 Nc6 3. Bb5 a6 4.
Ba4 Nf6 5. O-O Bc5 6. d3 b5 7. Bb3 d6 8. Be3 Bxe3 9. fxe3 Na5 10. Nc3 O-O 11. Qe1 Nxb3 12. axb3 Be6 13. h3 Nd7 14.
Qg3 f6 15. Nh4 Kh8 16. Nf5 g6 17. Nh6 Qe7 18. Ng4 c6 19. Rf2 a5 20. Raf1 h5 21. Nh2 g5 22. Qf3 Qh7 23. Ne2 h4 24. Ng4 d5 25. Nc3 b4 26. exd5 Bxg4 27. Qxg4 bxc3 28.
dxc6 Nc5 29. bxc3 Qe7 30. b4 axb4 31. cxb4 Ne6 32. b5 Kg7 33. Qc4 Rab8 34. Ra1 Rf7 35. Ra6 Nc5 36. Ra5 Ne6 37. Rf1 Qd6 38. Rfa1 Nc7 39.
Ra7 Re7 40. Rb7 Rbe8 41. Raa7 e4 42. d4 Qg3 43. Qe2 Nd5 44. Rxe7+ Rxe7 45. Rxe7+ Nxe7 46. c4 Nf5 47. d5 Nxe3 48. b6 Nf5 49. c7 Ne7 50. c5 Qe5 51. d6 Qd4+ 52. Kh2 Qe5+ 53. Kh1 Qa1+ 54. Kh2 Qe5+ 55. Kg1 Qa1+ 56. Qf1 Qd4+ 57.
Qf2 e3 58. Qe2 Qa1+ 59. Kh2 Qe5+ 60. Kh1 Nd5 61. d7 Nf4 62. d8=Q Nxe2 63. c8=Q Qa1+ 64. Kh2 Qg1# 0-1

[Event "*** SCC Grand Prix: Titled Tuesday Blitz"]
[Site "Chess.com"]
[Date "2020.07.07"]
[Round "4"]
[White "NikolaGry"]
[Black "Karacsonyi_Gellert"]
[Result "1/2-1/2"]
[WhiteElo "2624"]
[BlackElo "2474"]
[TimeControl "180+1"]
[EndTime "10:41:29 PDT"]
[Termination "Game drawn - insufficient material"]

1. b3 Nf6 2. Bb2 d5 3. Nf3 c5 4.
e3 Nc6 5. Bb5 Bg4 6. h3 Bxf3 7.
Bxc6+ bxc6 8. Qxf3 e6 9. O-O Be7 10. d3 O-O 11. Rd1 Nd7 12. c4 Bf6 13. Nc3 Qe7 14.
Rac1 Rfd8 15. Na4 Bxb2 16. Nxb2 Ne5 17. Qe2 Ng6 18. d4 cxd4 19. Rxd4 e5 20. Rdd1 Qg5 21.
cxd5 cxd5 22. Qg4 Qe7 23. Na4 Qe6 24. Nc5 Qe7 25. Na4 Qe6 26. Rc7 f5 27. Qh5 f4 28.
Qg4 Qxg4 29. hxg4 fxe3 30. fxe3 d4 31. exd4 exd4 32. Nc5 Rd6 33. Ne4 Rd5 34. Nc3 Rdd8 35. Nb5 d3 36. Rxa7 Rxa7 37. Nxa7 Ne5 38. Kf2 Nxg4+ 39. Kf3 h5 40. Nc6 Rd6 41. Nb4 Rf6+ 42. Kg3 Ne3 43. Rxd3 Nf1+ 44. Kh3 g5 45. Nd5 Rf7 46. a4 Kg7 47. a5 Kh6 48. b4 h4 49.
Ne3 Ng3 50. Ng4+ Kg7 51. Rd1 Rb7 52. a6 Rxb4 53. Ra1 Rb8 54. a7 Ra8 55. Ne5 Kf6 56. Nc6 Ne4 57. Rb1 Nd6 58. Rb8 g4+ 59. Kxh4 Rxa7 60.
Nxa7 Nf5+ 61. Kxg4 Ne3+ 62. Kf3 Nc4 63. Rc8 Ne5+ 64.
Ke4 Nf7 65. Rc6+ Kg5 66. Rc7 Nd6+ 67. Kd5 Nf5 68. Rc5 Ne3+ 69. Kc6+ Kf4 70. Nb5 Nxg2 71. Kb6 Ne3 72. Rc3 Nd5+ 73. Kb7 Nxc3 1/2-1/2

[Event "*** SCC Grand Prix: Titled Tuesday Blitz"]
[Site "Chess.com"]
[Date "2020.07.07"]
[Round "4"]
[White "Ermito2020"]
[Black "Chuchofrio1"]
[Result "0-1"]
[WhiteElo "2456"]
[BlackElo "2244"]
[TimeControl "180+1"]
[EndTime "10:41:30 PDT"]
[Termination "Chuchofrio1 won on time"]

1. e4 e5 2. Nf3 Nc6 3. d4 exd4 4. Bc4 Nf6 5. O-O Bc5 6. c3 d3 7. e5 Ne4 8. Qxd3 Nxf2 9. Rxf2 Bxf2+ 10. Kxf2 O-O 11.
Bf4 Qe7 12. Nbd2 Na5 13. Ng5 g6 14. Nge4 Nxc4 15. Nf6+ Kh8 16. Nxc4 d6 17. Qg3 Bf5 18. exd6 Qe6 19. Ne3 cxd6 20. Bxd6 Rfe8 21. Nfd5 Be4 22. c4 f6 23. Nc7 Qd7 24. Nxa8 Rd8 25. Re1 Qxd6 26.
Qxd6 Rxd6 27. Nd5 Bxd5 28. cxd5 Rxd5 29. Nc7 Rd2+ 30. Re2 Rd6 31. Nb5 Ra6 32. Nc3 Rd6 33. Ke3 f5 34. Rd2 Re6+ 35. Kf3 h6 36. Rd7 Rb6 37. b3 Rc6 38. Nd5 Ra6 39. a4 Kg8 40. Rxb7 Rd6 41. Ne7+ Kf7 42. Rxa7 Kf6 43. Nc8 Rd3+ 44.
Ke2 Rxb3 45. a5 Rb2+ 46. Kf1 Rb1+ 47. Kf2 Rb2+ 48. Kg3 Rb3+ 49. Kf2 Rb2+ 50. Kf3 Rb3+ 51. Ke2 Rb2+ 52. Kd3 Rxg2 53. a6 Rxh2 54. Rb7 Ra2 55.
a7 Ra3+ 56. Ke2 Ra2+ 57. Kd1 f4 58. Nb6 Ra1+ 59. Ke2 Ra2+ 60. Kf3 Kf5 61. a8=Q Rxa8 62. Nxa8 g5 63. Rf7+ Kg6 64. Rf8 h5 65. Nc7 Kh6 66. Ne6 Kg6 67. Nxg5 Kxg5 68. Rxf4 h4 69. Ra4 h3 70.
Kg3 h2 71. Kh3 h1=Q+ 72. Kg3 Qg1+ 73. Kf3 Qd1+ 74. Kf2 Qxa4 0-1

[Event "*** SCC Grand Prix: Titled Tuesday Blitz"]
[Site "Chess.com"]
[Date "2020.07.07"]
[Round "4"]
[White "Atanejhad"]
[Black "AungTZ"]
[Result "1-0"]
[WhiteElo "2388"]
[BlackElo "2118"]
[TimeControl "180+1"]
[EndTime "10:41:30 PDT"]
[Termination "Atanejhad won by resignation"]

1. e4 c5 2. Nf3 Nc6 3. c3 Nf6 4. e5 Nd5 5. Bc4 e6 6. O-O Be7 7. d4 cxd4 8. cxd4 d6 9. Re1 O-O 10. Nc3 Nxc3 11. bxc3 dxe5 12. Nxe5 Nxe5 13. Rxe5 Qc7 14.
Qd3 Bd7 15. Bb3 Rac8 16. Bd2 Bf6 17. Rc5 Qd6 18. Rh5 g6 19. Rh6 e5 20. Qg3 Be6 21.
Re1 Bxb3 22. axb3 Rfe8 23. Be3 Qd5 24. dxe5 Bxe5 25. Qh3 Bg7 26. Rxh7 Bxc3 27. Rf1 Bg7 28. b4 Rc3 29. Rxg7+ Kxg7 30. Bh6+ Kh7 31. Qxc3 Kxh6 32.
Qf6 Qe6 33. Qd4 Rc8 34. Qxa7 Qc6 35. h3 Kg7 36. Qd4+ f6 37. Rd1 Rc7 38. Qd5 Qxd5 39.
Rxd5 Rc6 40. Rb5 b6 41. g3 Kf7 42. Kg2 Ke6 43. h4 g5 44. hxg5 fxg5 45. Rxg5 Kf6 46.
Rh5 Kg6 47. g4 Kg7 48. Kg3 Rc4 49. Rb5 Rc6 50. f4 Rf6 51. g5 Rd6 52. Kg4 Rd3 53.
Rxb6 Rd4 54. Kf5 Rd5+ 55. Kg4 Rd2 56. b5 Kf8 57. Rc6 Rg2+ 58. Kf5 Rb2 59. b6 Ke7 60. g6 Kd7 61. Rf6 Rb5+ 62. Kg4 Ke7 63. Rf7+ Ke6 64. b7 Rb1 65. f5+ Ke5 66. g7 Rg1+ 67. Kf3 Rf1+ 68.
Ke2 Rb1 69. g8=Q 1-0

[Event "*** SCC Grand Prix: Titled Tuesday Blitz"]
[Site "Chess.com"]
[Date "2020.07.07"]
[Round "4"]
[White "ChessArchitect64"]
[Black "VladaSviridova"]
[Result "0-1"]
[WhiteElo "1870"]
[BlackElo "2127"]
[TimeControl "180+1"]
[EndTime "10:41:30 PDT"]
[Termination "VladaSviridova won by resignation"]

1. d4 d5 2. Nf3 Nf6 3. Bg5 Ne4 4. Bf4 c5 5. e3 Nc6 6. c3 Bf5 7. Be2 e6 8. O-O Be7 9. Nbd2 O-O 10. Nxe4 Bxe4 11.
Bd3 Bxd3 12. Qxd3 Rc8 13. Rad1 Qb6 14. Qe2 a5 15. Rd2 a4 16. e4 dxe4 17. Qxe4 cxd4 18. Nxd4 Nxd4 19. cxd4 a3 20. b3 Bb4 21. Re2 Rfd8 22. Rd1 Qc6 23. Qd3 Rd5 24. h3 Qd7 25. Qe3 Rc3 26. Qe4 Rc8 27. g4 Rd8 28. Be3 Bc3 29.
Rd3 Bxd4 30. Bxd4 Rxd4 31. Rxd4 Qxd4 32. Qf3 Qd5 33. Qe3 h6 34. f3 b5 35. Kg2 b4 36. Rc2 Qd4 37. Qe2 Qd1 38. Qf2 Kh7 39. Re2 Rd3 40. h4 Qb1 41. h5 Rd1 42. Qe3 Qd3 43. Qxd3+ Rxd3 44. Re4 Rd2+ 45. Kg3 Rxa2 46. Rxb4 Rb2 47. Rb7 a2 48. Ra7 Rxb3 49. Rxa2 g6 50.
hxg6+ Kxg6 51. Re2 Kf6 52. Re4 Rb2 53. Ra4 e5 54. Re4 Rb3 55. Re2 Rd3 56. Re4 Ke6 57. Re2 Kf6 58. Re4 Ra3 59. Re2 Ke6 60. Re4 f6 61.
Re2 Rd3 62. Re4 Kd5 63. Re2 Kd4 64. Ra2 e4 65. Ra4+ Kd5 66. Rxe4 Rd1 67. Re2 Rd4 68.
Rh2 Ke5 69. Rxh6 Rd3 70. Rh5+ Ke6 71. Ra5 Kf7 72. Kf4 Rd4+ 73. Kg3 Rb4 74. Kh4 Kg6 75.
Rf5 Ra4 76. Kg3 Ra3 77. Ra5 Rxa5 0-1

[Event "*** SCC Grand Prix: Titled Tuesday Blitz"]
[Site "Chess.com"]
[Date "2020.07.07"]
[Round "4"]
[White "penguingm1"]
[Black "Legendinunknown"]
[Result "0-1"]
[WhiteElo "2865"]
[BlackElo "2573"]
[TimeControl "180+1"]
[EndTime "10:41:32 PDT"]
[Termination "Legendinunknown won by resignation"]

1. d4 Nf6 2. c4 e6 3. Nc3 Bb4 4.
Qc2 O-O 5. Nf3 b6 6. e4 c5 7. d5 d6 8. Bd3 e5 9. O-O h6 10. Ne2 Ba5 11. a3 a6 12. Ng3 Bd7 13. Nf5 Bxf5 14. exf5 b5 15. cxb5 axb5 16. Bxb5 Nbd7 17.
Bc6 Rb8 18. Rd1 Qe7 19. Nd2 e4 20. Nc4 Bc7 21. a4 Ne5 22. Nxe5 Qxe5 23. a5 Ng4 24. g3 e3 25. fxe3 Nxe3 26. Bxe3 Qxe3+ 27. Kg2 Rb3 28. a6 Qf3+ 29. Kg1 c4 30. Rf1 Bb6+ 31. Rf2 Ba7 32. Re1 Rfb8 33. Qe2 Qxf2+ 34. Qxf2 Bxf2+ 35. Kxf2 Rxb2+ 36. Ke3 R8b3+ 37. Kd4 Ra3 38. Bb7 c3 39.
Rc1 c2 40. Kc4 Kf8 41. g4 Ke7 42. h4 Kd8 43. g5 hxg5 44. hxg5 Kc7 45. f6 gxf6 46.
gxf6 Kb6 47. Bc8 Rf3 48. Bb7 Ka7 49. Bc8 Rf2 50. Kc3 Rb1 51. Rxc2 Rxc2+ 52. Kxc2 Rf1 53. Kd3 Rxf6 54. Ke4 Rf2 55. Bb7 Rf1 56. Ke3 f5 57.
Ke2 Rf4 58. Ke3 Re4+ 59. Kf3 Rb4 60. Ke3 Kb6 61. Kf3 Ra4 62. Bc8 Kc5 63. Bb7 Kb6 64.
Bc8 Kc7 65. Bb7 Kd8 66. Ke3 Ke7 67. Kf3 Kf6 68. Kg3 Ke5 69. Kf3 Ra3+ 70. Kf2 Ke4 71. Kg2 f4 72. Kh2 Ra2+ 73. Kh3 f3 74. Kg3 Ke3 75.
Bc8 f2 76. Kg2 Ra1 0-1

[Event "*** SCC Grand Prix: Titled Tuesday Blitz"]
[Site "Chess.com"]
[Date "2020.07.07"]
[Round "4"]
[White "Stouuf"]
[Black "ajdemipopushi"]
[Result "0-1"]
[WhiteElo "2523"]
[BlackElo "2352"]
[TimeControl "180+1"]
[EndTime "10:41:33 PDT"]
[Termination "ajdemipopushi won on time"]

1. e4 c5 2. Nf3 g6 3. d4 cxd4 4. Qxd4 Nf6 5. e5 Nc6 6. Qa4 Nd5 7. Qb3 Nc7 8. Nc3 Bg7 9. Bf4 Ne6 10. Bg3 Ned4 11.
Nxd4 Nxd4 12. Qa4 Nf5 13. Bf4 O-O 14. O-O-O d6 15. g4 Nh6 16. f3 Bd7 17. Qe4 Bc6 18. Nd5 e6 19. Qe3 Nxg4 20. fxg4 Bxd5 21. Rg1 dxe5 22.
Bxe5 Qb6 23. Qxb6 axb6 24. Bxg7 Kxg7 25. a3 Rfd8 26. g5 Bf3 27. Rd3 Rxd3 28. Bxd3 h6 29. h4 hxg5 30. hxg5 Rd8 31. Rf1 Bc6 32. Rf4 Rd5 33. Rg4 Re5 34. b4 b5 35. Kb2 Re3 36. Kc3 e5 37. Kd2 Rh3 38. Rg1 e4 39. Be2 Rxa3 40.
c3 Ra2+ 41. Ke3 Rc2 42. Rf1 Rxc3+ 43. Kd4 Rg3 44. Bd1 Rxg5 45. Bb3 f5 46. Ke5 Rg3 47. Be6 e3 48. Kf4 e2 49. Re1 Rf3+ 50. Ke5 Re3+ 51. Kd6 f4 52. Bg4 f3 53. Kc5 f2 54. Rxe2 f1=Q 55.
Rxe3 Qc4+ 56. Kd6 Qxb4+ 57. Ke5 Qxg4 58. Rd3 Qf5+ 59. Kd6 Qxd3+ 60. Kc7 Qd7+ 61. Kb6 b4 62. Ka7 b3 63. Ka8 b2 64. Kb8 b1=Q 65. Ka8 Qd8+ 66. Ka7 Qa5+ 67. Kb8 Qd8+ 0-1